Map: Ruins of Endion

Players

ogAr

  • Race: Terran Terran

capac - Winner!

  • Race: Terran Terran
  • League: Gold

VOD

Have the link to the VOD?

Description

Time

  • Played on: March 30, 2016, 2:40 p.m.
  • Length: 17:32
Show
View Real Time Build Order
Export as new Build Order

ogAr Terran 

Build Orders:  

Get SALT Encoding   

  12  0:01  SCV  
  13  0:13  SCV  
  14  0:19  Supply Depot  
  14  0:26  Refinery  
  14  0:29  SCV  
  15  0:42  Barracks  
  15  0:52  Supply Depot  
  15  0:56  SCV  
  16  1:14  Barracks  
  16  1:22  Refinery  
  16  1:39  Reaper  
  17  1:48  Orbital Command  
  17  2:01  Reaper  
  18  2:11  Reaper  
  18  2:15  SCV  
  20  2:33  Reaper  
  20  3:05  Marine x2  
  22  3:14  SCV  
  22  3:15  Factory  
  22  3:18  Engineering Bay  
  23  3:23  Marine x2  
  23  3:26  SCV  
  26  3:35  Command Center  
  26  3:38  SCV  
  26  3:40  Supply Depot  
  26  3:41  Marine x2  
  26  3:58  Factory Tech Lab  
  26  3:59  Marine  
  27  4:05  Starport  
  27  4:10  Missile Turret  
  27  4:16  Barracks Tech Lab  
  27  4:23  Siege Tank  
  30  4:24  Marine  
  30  4:28  SCV  
  32  4:33  Missile Turret  
  32  4:36  Liberator  
  32  4:41  Supply Depot  
  32  4:55  Missile Turret  
  35  5:08  Marine x2  
  37  5:19  SCV  
  38  5:26  Marine x2  
  40  5:31  SCV  
  40  5:32  Siege Tank  
  44  5:42  Starport Reactor  
  44  5:51  Barracks x2  
  44  5:52  Orbital Command  
  44  5:53  Marine, SCV  
  44  5:54  Marine  
  47  5:58  Missile Turret  
  47  6:04  Siege Tank  
  50  6:13  Marine x2  
  52  6:31  Marine x2  
  54  6:44  Marine x2  
  54  6:46  Medivac x2  
  60  6:48  SCV  
  60  6:49  Marine  
  62  7:02  Supply Depot  
  62  7:04  Supply Depot  
  62  7:23  Marine  
  62  7:26  Marine x3, Medivac x2  
  60  7:43  Marine  
  58  7:47  Marine  
  58  7:51  Barracks Reactor  
  59  8:00  Missile Turret  
  59  8:01  Missile Turret  
  59  8:09  Terran Infantry Weapons Level 1  
  60  8:20  Armory, SCV  
  60  8:21  SCV  
  61  8:29  Missile Turret x2  
  61  8:32  SCV  
  62  8:35  Marine x3  
  62  8:39  Barracks Reactor  
  62  8:40  Stimpack  
  65  8:46  SCV  
  65  8:47  SCV  
  67  8:50  Missile Turret  
  67  8:53  Marine x3  
  67  8:59  SCV  
  67  9:01  SCV  
  69  9:07  Refinery  
  69  9:11  SCV  
  69  9:15  Barracks Reactor  
  70  9:24  Marine, Missile Turret  
  70  9:26  Marine x4  
  75  9:32  Terran Vehicle Weapons Level 1  
  75  9:38  SCV x2  
  77  9:40  Engineering Bay  
  77  9:42  Marine  
  77  9:43  Marine  
  79  9:50  SCV, Medivac  
  79  9:51  Medivac  
  84  9:58  Refinery  
  84  9:59  SCV  
  85  10:01  Marine  
  85  10:02  Marine x3, SCV  
  90  10:12  Siege Tank  
  93  10:24  Marine  
  94  10:35  Supply Depot  
  94  10:38  Supply Depot  
  94  10:40  Terran Infantry Armor Level 1  
  94  10:56  Marine x5  
  99  11:03  Siege Tank  
  102  11:04  Marine x2  
  102  11:07  Medivac  
  106  11:14  Marine x3  
  75  11:43  Marine x4  
  75  11:44  Marine x3  
  76  11:57  Terran Infantry Weapons Level 2  
  76  12:01  Marine x3  
  77  12:02  Command Center  
  77  12:05  Medivac x2  
  83  12:17  Supply Depot, Widow Mine  
  85  12:38  SCV x2  
  85  12:39  Missile Turret  
  85  12:42  Missile Turret  
  85  12:44  Marine x4  
  87  12:45  Marine  
  87  12:46  Widow Mine  
  87  12:50  SCV x2  
  95  13:04  Marine x2  
  95  13:05  Marine x4  
  70  13:06  Marauder  
  72  13:22  Marine  
  73  13:27  Marauder  
  75  13:39  Marine x2  
  75  13:40  Marine x4  
  79  13:48  Marine  
  79  13:53  Medivac x2  
  84  13:57  Marine x3  
  84  13:58  Marine x3  
  90  14:06  Supply Depot, Marine  
  91  14:15  Marine x2  
  93  14:23  Medivac  
  95  14:28  Siege Tank  
  95  14:29  Marine x3  
  95  14:30  Marauder  
  89  14:51  Marauder  
  91  14:56  Missile Turret  
  91  14:57  Missile Turret  
  91  14:58  Missile Turret  
  91  15:09  Marine x3  
  91  15:10  Marine x3  
  91  15:13  Marauder  
  99  15:27  Marine x4  
  99  15:28  Marine  
  104  15:57  Marine x5  
  101  15:58  Marauder, Marine  
  101  16:00  Thor  
  115  16:14  Marine x2  
  115  16:15  Marine x3  
  120  16:19  Marauder  
  100  16:43  Siege Tank  
  100  16:46  Marine x5  
  100  16:47  Marine x2  
  104  17:03  Marine  
  104  17:04  Marine x3  
Show
View Real Time Build Order
Export as new Build Order

capac Terran - Winner!

Build Orders: Reaper Expand, MMM Bio 

Get SALT Encoding   

  12  0:01  SCV  
  13  0:13  SCV  
  14  0:19  Supply Depot  
  14  0:25  SCV  
  15  0:42  Barracks  
  15  0:46  Refinery, SCV  
  16  0:58  SCV  
  17  1:11  SCV  
  18  1:23  SCV  
  19  1:30  Reaper  
  20  1:36  Command Center  
  20  1:38  SCV  
  21  1:52  Orbital Command  
  21  2:03  Supply Depot  
  21  2:07  Factory  
  21  2:20  Marine  
  22  2:23  SCV  
  23  2:30  Barracks  
  23  2:35  Refinery  
  23  2:49  Orbital Command  
  22  2:52  Marine  
  22  2:56  Hellion  
  24  3:13  Marine  
  24  3:19  Starport  
  25  3:20  Factory Tech Lab  
  25  3:21  Barracks Tech Lab  
  25  3:28  SCV  
  25  3:29  SCV  
  27  3:35  Bunker  
  27  3:36  Marine  
  27  3:39  Siege Tank  
  30  3:57  Marine  
  30  4:02  SCV x2  
  33  4:08  Medivac  
  35  4:14  Engineering Bay, SCV x2  
  35  4:15  Marine  
  38  4:24  Stimpack  
  38  4:26  SCV  
  38  4:27  SCV  
  38  4:30  Marine  
  41  4:33  Barracks Reactor  
  41  4:44  Supply Depot  
  41  4:45  SCV x2  
  43  4:51  Marine  
  44  4:53  Starport Reactor  
  44  4:56  Missile Turret  
  44  5:01  SCV x2  
  44  5:07  Refinery  
  46  5:11  Supply Depot  
  46  5:12  Marine x3  
  49  5:18  Siege Tank  
  49  5:19  Barracks  
  52  5:24  SCV x2  
  52  5:27  Refinery  
  54  5:33  Medivac  
  56  5:37  Medivac  
  56  5:38  Marine x2  
  56  5:39  Marine  
  61  5:47  SCV  
  62  5:54  Supply Depot  
  62  5:59  Supply Depot  
  62  6:02  Terran Infantry Weapons Level 1  
  62  6:07  Barracks Reactor  
  62  6:11  Supply Depot  
  62  6:12  Marine  
  62  6:13  SCV  
  62  6:14  Marine  
  62  6:15  Marine  
  62  6:27  Missile Turret  
  59  7:09  Missile Turret  
  59  7:14  SCV, Missile Turret  
  59  7:15  SCV  
  61  7:20  Viking  
  52  7:41  SCV x2  
  52  7:43  Viking  
  49  7:46  Marine x5  
  54  7:53  SCV  
  54  7:54  SCV  
  56  8:03  Siege Tank  
  59  8:05  Marine  
  59  8:06  Marine x4  
  59  8:09  SCV x2  
  66  8:22  Supply Depot  
  66  8:23  Marine  
  66  8:24  Marine x4  
  71  8:38  Missile Turret  
  71  8:52  Marine x4, Command Center  
  71  8:53  Marine  
  76  8:57  Terran Infantry Armor Level 1  
  76  8:59  Barracks  
  76  9:02  SCV x2  
  78  9:11  Marine  
  78  9:12  Marine x4  
  78  9:13  Combat Shields  
  78  9:15  Siege Tank  
  86  9:18  SCV  
  86  9:19  SCV  
  88  9:29  Marine x2  
  88  9:30  Marine  
  88  9:31  SCV x2  
  93  9:41  Marine  
  94  10:01  Liberator x2  
  94  10:03  Supply Depot, Marine x4, Siege Tank  
  101  10:11  Barracks Reactor  
  101  10:13  Barracks  
  107  10:27  Armory  
  107  10:28  Marine x2  
  107  10:29  Marine x2  
  107  10:31  Marine  
  107  10:34  Concussive Shells  
  112  10:49  Marine x3  
  113  10:50  Marine x2  
  113  10:52  Liberator x2  
  117  11:05  Engineering Bay  
  117  11:09  Marine x2  
  117  11:10  Siege Tank  
  117  11:11  Marine x4  
  132  11:19  Barracks Reactor  
  132  11:21  Marine  
  133  11:33  Marine  
  133  11:34  Marine  
  120  11:56  Medivac x2  
  124  12:02  Marine x5  
  124  12:03  Marine  
  128  12:23  Marine x4  
  128  12:24  Marine  
  133  13:00  Marine  
  133  13:01  Marine x2, Liberator x2  
  133  13:17  Supply Depot x2  
  133  13:18  Terran Infantry Weapons Level 2, Terran Infantry Armor Level 2, Marine x6, Siege Tank  
  148  13:20  Supply Depot, Terran Ship Weapons Level 1  
  148  13:35  Marine  
  148  13:39  Marine x4  
  148  13:40  Marine x2  
  155  13:50  Siege Tank  
  158  14:01  Medivac x2  
  162  14:04  Command Center  
  162  14:22  Siege Tank  
  165  14:33  Liberator x2  
  162  14:51  Marine x5  
  173  15:15  Marine x7  
  176  15:26  Liberator x2  
  182  16:15  Orbital Command  
  182  16:17  Orbital Command  
  182  16:20  Refinery  
  182  16:22  Starport  
  182  16:24  Starport  
  173  17:07  Starport Reactor  
  173  17:08  Starport Reactor  
Tags
 
Composition
MMM Bio
League
Gold
Matchup
TvT
Race
Terran
Add a new tag
Caveats
  • Supply blocks, unpowered buildings, or Contaminate may cause inaccurate times.
  • Supply counts are checked every 10 seconds.